 Dungeon Crawl Stone Soup version 0.28.0-53-g5a82cb258f (webtiles) character file.

Game seed: 15278716860440940264

10794 firemarshallily the Basher (level 11, -3/82 (93) HPs)
             Began as a Demonspawn Gladiator on June 6, 2022.
             Was an Elder of Trog.
             Killed by drain life
             ... invoked by a soul eater
              (18 damage)
             ... in a Gauntlet.
             The game lasted 00:41:22 (12946 turns).

firemarshallily the Basher (Demonspawn Gladiator)  Turns: 12946, Time: 00:41:23

HP:   -3/82 (93)    AC: 20    Str: 18    XL:     11   Next: 40%
MP:   0/20          EV: 12    Int: 19    God:    Trog [****..]
Gold: 583           SH:  7    Dex: 18    Spells: 10/10 levels left

rFire   . . .      SeeInvis .   k - +1 mace (protect)
rCold   + . .      Faith    .   A - +1 buckler "Ophopol" {MP+9}
rNeg    . . .      Spirit   +   o - +0 ring mail {rC+}
rPois   .          Reflect  .   c - +0 helmet
rElec   .          Harm     .   n - +2 cloak
rCorr   .          Rampage  .   w - +2 pair of gloves
Will    .....      Rage     1%  u - +1 pair of boots
Stlth   +......... NoTele   +   h - amulet of guardian spirit
HPRegen 0.23/turn               s - +4 ring of protection
MPRegen 0.17/turn               v - +6 ring of intelligence

@: mighty, on berserk cooldown, slowed, studying Maces & Flails, heavily
drained, very slow
A: powered by death 2, big brain 2, demonic magic 1, weakness stinger 1, agile
1, berserk 1, passive freeze
a: Renounce Religion, Berserk, Trog's Hand, Brothers in Arms


You were in a Gauntlet.
You worshipped Trog.
Trog was greatly pleased with you.
You visited 1 branch of the dungeon, and saw 11 of its levels.
You also visited: Gauntlet.

You collected 616 gold pieces.
You spent 33 gold pieces at shops.

Inventory:

Hand Weapons
 k - a +1 mace of protection (weapon)
Missiles
 d - 3 throwing nets
 f - 335 stones
 l - 36 poisoned darts (quivered)
 q - 4 boomerangs
 H - 2 atropa-tipped darts
Armour
 b - a +0 hat
 c - a +0 helmet (worn)
 n - a +2 cloak (worn)
 o - a +0 ring mail of cold resistance (worn)
 r - a +2 scale mail of poison resistance
 u - a +1 pair of boots (worn)
 w - a +2 pair of gloves (worn)
 A - the +1 buckler "Ophopol" (worn) {MP+9}
   (You acquired it on level 6 of the Dungeon)

   MP:        It affects your magic capacity (+9).
Jewellery
 e - a ring of ice
 h - an amulet of guardian spirit (around neck)
 s - a +4 ring of protection (left hand)
 v - a +6 ring of intelligence (right hand)
Wands
 a - a wand of flame (6)
 x - a wand of mindburst (14)
 B - a wand of acid (17)
 D - a wand of polymorph (20)
 G - a wand of paralysis (7)
Scrolls
 p - 5 scrolls of teleportation
 y - a scroll of blinking
Potions
 g - 5 potions of flight
 i - a potion of lignification {unknown}
 m - 4 potions of curing
 t - a potion of might
 E - a potion of magic {unknown}
 F - a potion of brilliance {unknown}


   Skills:
 * Level 11.2 Fighting
 * Level 12.2 Maces & Flails
 - Level 2.0 Throwing
 + Level 6.7 Armour
 - Level 3.0 Dodging
 - Level 5.0 Shields


You had 10 spell levels left.
You didn't know any spells.
Your spell library contained the following spells:

 Spells                   Type           Power      Damage    Failure   Level
 Shock                    Conj/Air       0%         1d3       41%         1
 Sting                    Tmut/Pois      0%         1d3       41%         1
 Poisonous Vapours        Pois/Air       0%         N/A       54%         2
 Call Canine Familiar     Summ           0%         N/A       78%         3
 Gell's Gravitas          Tloc           0%         N/A       78%         3
 Portal Projectile        Hex/Tloc       0%         N/A       78%         3
 Swiftness                Air            0%         N/A       78%         3
 Teleport Other           Tloc           0%         N/A       78%         3
 Airstrike                Air            0%         N/A       99%         4
 Leda's Liquefaction      Hex/Erth       0%         N/A       99%         4
 Olgreb's Toxic Radiance  Pois           0%         N/A       99%         4
 Petrify                  Tmut/Erth      0%         N/A       99%         4
 Summon Lightning Spire   Summ/Air       0%         N/A       99%         4
 Lightning Bolt           Conj/Air       0%         1d11      100%        5
 Metabolic Englaciation   Hex/Ice        0%         N/A       100%        5
 Dispersal                Tloc           0%         N/A       100%        6
 Statue Form              Tmut/Erth      0%         N/A       100%        6
 Ozocubu's Refrigeration  Ice            0%         4d5       100%        7
 Ignition                 Fire           0%         3d3       100%        8


Dungeon Overview and Level Annotations

Branches:
Dungeon (11/15)            Temple (0/1) D:4            Lair (0/6) D:9
    Orc (0/2) D:10        Gauntlet (1/1)

Altars:
Dithmenos
Kikubaaqudgha
Sif Muna
Trog
Uskayaw
Beogh
Lugonu

Shops:
D:2 !   D:5 =:[

Portals:
Abyss: D:7

Annotations:
D:3 Sigmund
D:7 2 runed translucent doors
D:8 2 runed translucent doors, Zeld's ghost, novice DECj
D:9 3 runed translucent doors, KittyFluff's ghost, novice GrBe Gauntlet 13 transporters, 4 runed translucent doors


Innate Abilities, Weirdness & Mutations

You regenerate health from kills.
You have an extremely huge brain. (Int +4)
Spells you cast may paralyse adjacent enemies.
You have a small tail.
You are agile. (Dex +2)
You tend to lose your temper in combat.
A frigid envelope surrounds you and freezes all who hurt you.


Message History

You feel much better.
The soul eater draws from the surrounding life force!
The soul eater is healed.
The soul eater draws from the surrounding life force!
You feel very mighty all of a sudden. The soul eater completely misses you.
The shadow imp shouts, "Back with thee, thou frothy moldwarp erk!"
You barely miss the soul eater. The soul eater hits you!
* * * LOW HITPOINT WARNING * * *
You feel drained.
* * * LOW HITPOINT WARNING * * *
The soul eater resists.
The soul eater is very cold.
The soul eater is lightly wounded.
You hit the soul eater.
Your weapon exudes an aura of protection.
The soul eater is lightly wounded.
The soul eater hits you but does no damage.
The soul eater resists.
The soul eater is very cold.
The soul eater is lightly wounded.
The soul eater hits you but does no damage.
The soul eater resists.
The soul eater is very cold.
The soul eater is moderately wounded.
Blink to where?
Press: ? - help, Dir - move target
As you read the scroll of blinking, it crumbles to dust.
The soul eater barely misses you.
The shadow imp hits you but does no damage.
The shadow imp completely resists.
The soul eater hits you but does no damage.
The soul eater hits you!
* * * LOW HITPOINT WARNING * * *
You feel drained.
* * * LOW HITPOINT WARNING * * *
The soul eater resists.
The soul eater is very cold.
The soul eater is moderately wounded.
The crimson imp disappears for a moment.
The crimson imp shouts, "Away with thee, thou puking fly-bitten erk!"
The shadow imp shouts, "Abandon hope, thou jarring dizzy-eyed coxcomb!"
The soul eater draws from the surrounding life force!
You die...

## ### ### ### ### ### #####
##≈###≈###≈###≈###≈###≈###....
#≈≈≈#≈≈≈#≈≈≈#≈≈≈#≈≈≈#≈≈≈#...8⌠
#≈...........................
##...########################
##≈...###...###8©8#5......#8©8
#≈≈∩..###.53###...#35.....#...
##≈...#..'##.##...#####+###...
##..©#..#©#.@#©.©#5...+.©#©.©
##≈...#..##+?######.##.+######
#≈≈∩..###...###...#.##.#.[#...
##≈...###...###.8.#....#).#.8.
##...#########...#########...
#≈...........................
#≈≈≈#≈≈≈#≈≈≈#≈≈≈#≈≈≈#≈≈≈#≈≈≈#≈
##≈###≈###≈###≈###≈###≈###≈###
## ### ### ### ### ### ### #


You could see a soul eater, a smoke demon, 3 crimson imps and a shadow imp.

Vanquished Creatures
  Fannar (D:10)
  Erica (D:9)
  Pikel (D:9)
  Maurice (D:10)
  A komodo dragon (D:10)
  An unseen horror (D:10)
  A kobold demonologist (D:11)
  A freezing wraith (D:11)
  2 trolls
  A hornet (D:9)
  15 yaks (D:10)
  2 wyverns (D:8)
  2 basilisks
  2 vampire mosquitoes (D:11)
  Grum (D:9)
  An acid dragon (D:11)
  3 sky beasts
  An orc warrior (D:6)
  A black bear (D:5)
  2 ice beasts
  2 necrophages (D:4)
  3 ogres
  2 wolves (D:9)
  4 centaurs
  A lemure (D:9)
  3 kobold brigands
  2 bullfrogs
  A scorpion (D:5)
  A water moccasin skeleton (D:4)
  3 killer bees (D:9)
  A howler monkey (D:7)
  A vampire bat (D:6)
  4 wights (D:8)
  2 centaur zombies
  8 hounds
  2 jellies
  8 orc priests
  Crazy Yiuf (D:2)
  A centaur skeleton (D:7)
  Terence (D:3)
  Natasha (D:3)
  4 iguanas
  9 orc wizards
  A hound zombie (D:5)
  3 hound skeletons
  7 adders
  2 shadow imps (Gauntlet)
  An adder skeleton (D:2)
  2 worms
  4 dart slugs
  23 orcs
  10 bats
  4 bat skeletons (D:6)
  2 bat zombies (D:6)
  3 endoplasms
  6 giant cockroaches
  7 goblins
  12 hobgoblins
  A quokka (D:2)
  6 ball pythons
  A ball python zombie (D:2)
  2 frilled lizards (D:1)
  26 kobolds
  A quokka skeleton (D:4)
  9 rats
239 creatures vanquished.

Vanquished Creatures (others)
  A plant (Gauntlet)
1 creature vanquished.

Grand Total: 240 creatures vanquished

Notes
Turn   | Place    | Note
-------+----------+-------------------------------------------
     0 | D:1      | firemarshallily the Demonspawn Gladiator began the quest
                  | for the Orb.
     0 | D:1      | Reached XP level 1. HP: 16/16 MP: 1/1
   206 | D:1      | Gained mutation: Spells you cast may paralyse adjacent
                  | enemies. [demonic ancestry]
   206 | D:1      | Reached XP level 2. HP: 22/22 MP: 2/2
   469 | D:1      | Reached skill level 3 in Maces & Flails
   911 | D:1      | Gained mutation: You regenerate a little health from kills.
                  | [demonic ancestry]
   911 | D:1      | Reached XP level 3. HP: 26/28 MP: 3/3
  1228 | D:2      | Found a runed translucent door.
  1229 | D:2      | Noticed Crazy Yiuf
  1238 | D:2      | Killed Crazy Yiuf
  1473 | D:2      | Reached XP level 4. HP: 30/35 MP: 4/4
  1551 | D:2      | Found Iphilimu's Distillery.
  1570 | D:2      | Bought a potion of curing for 33 gold pieces
  1664 | D:2      | Found a faded altar of an unknown god.
  1680 | D:2      | Prayed at the altar of an unknown god.
  1680 | D:2      | Became a worshipper of Trog the Wrathful
  1680 | D:2      | Reached * piety under Trog
  1830 | D:2      | Identified the +5 hand axe of Forced Transition {holy,
                  | rElec Dex+5}
  2322 | D:3      | Reached skill level 4 in Maces & Flails
  2322 | D:3      | Reached XP level 5. HP: 24/42 MP: 3/5
  2541 | D:3      | Noticed Terence
  2563 | D:3      | Killed Terence
  2564 | D:3      | Reached skill level 1 in Armour
  2867 | D:3      | Noticed Sigmund
  3219 | D:3      | Gained mutation: You have an unusually large brain. (Int
                  | +2) [demonic ancestry]
  3219 | D:3      | Reached XP level 6. HP: 43/48 MP: 4/6
  3227 | D:3      | Reached ** piety under Trog
  3657 | D:3      | Noticed Natasha
  3671 | D:3      | Killed Natasha
  3978 | D:4      | Found a staircase to the Ecumenical Temple.
  4200 | D:4      | Reached skill level 5 in Maces & Flails
  4204 | D:4      | Reached skill level 5 in Fighting
  4367 | D:4      | Reached XP level 7. HP: 56/56 MP: 7/7
  4521 | D:4      | Found a shadowy altar of Dithmenos.
  4527 | D:4      | Found a shimmering blue altar of Sif Muna.
  5083 | D:5      | Entered Level 5 of the Dungeon
  5334 | D:5      | Reached skill level 6 in Maces & Flails
  5334 | D:5      | Gained mutation: You have an extremely huge brain. (Int +4)
                  | [demonic ancestry]
  5334 | D:5      | Reached XP level 8. HP: 54/64 MP: 8/8
  5902 | D:5      | Found Zamofuk's Jewellery Emporium.
  5904 | D:5      | Found Otapn's Book Shop.
  6067 | D:5      | Found Li Ji's Dragon-Slaying Spoils.
  6428 | D:6      | Noticed a troll
  6481 | D:6      | Reached *** piety under Trog
  6489 | D:6      | Found an ancient bone altar of Kikubaaqudgha.
  6608 | D:6      | Reached skill level 7 in Maces & Flails
  6671 | D:6      | Identified a scroll of acquirement
  6671 | D:6      | Acquired the +1 buckler "Ophopol" {MP+9}
  6688 | D:6      | Killed a troll
  7027 | D:6      | Gained mutation: You have a small tail. [demonic ancestry]
  7027 | D:6      | Reached XP level 9. HP: 73/73 MP: 9/9
  7141 | D:6      | Reached skill level 1 in Shields
  7563 | D:7      | Found a one-way gate to the infinite horrors of the Abyss.
  7563 | D:7      | Identified the +7 short sword "Wutyesm" {distort, rElec
                  | Dex+4}
  7674 | D:7      | Found a large runed translucent door.
  7674 | D:7      | Found a large runed translucent door.
  7675 | D:7      | Found a corrupted altar of Lugonu.
  8022 | D:7      | Reached skill level 8 in Maces & Flails
  8028 | D:7      | Reached **** piety under Trog
  8840 | D:8      | Reached skill level 5 in Armour
  8961 | D:8      | Found a large runed translucent door.
  8961 | D:8      | Found a large runed translucent door.
  8966 | D:8      | Noticed Zeld's ghost (novice DECj)
  9333 | D:9      | Acquired a manual of Maces & Flails
  9441 | D:9      | Found a staircase to the Lair.
  9458 | D:9      | Reached XP level 10. HP: 52/83 MP: 10/10
  9600 | D:9      | Noticed Erica
  9630 | D:9      | Killed Erica
  9631 | D:9      | Reached skill level 9 in Maces & Flails
  9831 | D:9      | Noticed Pikel
  9847 | D:9      | Killed Pikel
 10027 | D:9      | Found a hide-covered altar of Uskayaw.
 10159 | D:9      | Noticed Grum
 10182 | D:9      | Killed Grum
 10192 | D:9      | Reached skill level 10 in Maces & Flails
 10401 | D:9      | Found a runed translucent gate.
 10403 | D:9      | Found a runed translucent gate.
 10404 | D:9      | Found a runed translucent gate.
 10404 | D:9      | Noticed KittyFluff's ghost (novice GrBe)
 10576 | D:10     | Entered Level 10 of the Dungeon
 10627 | D:10     | Reached skill level 10 in Fighting
 10668 | D:10     | Reached skill level 11 in Maces & Flails
 10846 | D:10     | Noticed Maurice
 11492 | D:10     | Gained mutation: You possess an exceptional clarity of
                  | mind. [potion of mutation]
 11492 | D:10     | Gained mutation: You are dopey. (Int -2) [potion of
                  | mutation]
 11492 | D:10     | Gained mutation: You do not regenerate when monsters are
                  | visible. [potion of mutation]
 11493 | D:10     | Lost mutation: You possess an exceptional clarity of mind.
                  | [potion of mutation]
 11493 | D:10     | Lost mutation: You are dopey. (Int -2) [potion of mutation]
 11493 | D:10     | Lost mutation: You do not regenerate when monsters are
                  | visible. [potion of mutation]
 11493 | D:10     | Gained mutation: You tend to lose your temper in combat.
                  | [potion of mutation]
 11493 | D:10     | Gained mutation: You are agile. (Dex +2) [potion of
                  | mutation]
 11493 | D:10     | Gained mutation: A frigid envelope surrounds you and
                  | freezes all who hurt you. [potion of mutation]
 11589 | D:10     | Found a staircase to the Orcish Mines.
 11713 | D:10     | Gained mutation: You regenerate health from kills. [demonic
                  | ancestry]
 11713 | D:10     | Reached XP level 11. HP: 82/92 MP: 11/11
 11753 | D:10     | Noticed Fannar
 11774 | D:10     | Killed Fannar
 11982 | D:10     | Killed Maurice
 12602 | D:11     | Reached skill level 12 in Maces & Flails
 12649 | D:11     | Reached skill level 5 in Shields
 12662 | D:11     | Found a gate leading to a gauntlet.
 12668 | Gauntlet | Entered a Gauntlet
 12668 | Gauntlet | Noticed a soul eater
 12668 | Gauntlet | Found a transporter.
 12668 | Gauntlet | Found a runed translucent door.
 12669 | Gauntlet | Found a runed translucent door.
 12677 | Gauntlet | Found a transporter.
 12680 | Gauntlet | Found a transporter.
 12681 | Gauntlet | Found a transporter.
 12687 | Gauntlet | Found a runed translucent gate.
 12687 | Gauntlet | Found a runed translucent gate.
 12687 | Gauntlet | Found a runed translucent gate.
 12689 | Gauntlet | Found a transporter.
 12692 | Gauntlet | Found a transporter.
 12693 | Gauntlet | Found a transporter.
 12704 | Gauntlet | Found a transporter.
 12705 | Gauntlet | Found a transporter.
 12707 | Gauntlet | Noticed a catoblepas
 12709 | Gauntlet | Found a transporter.
 12713 | Gauntlet | Found a transporter.
 12716 | Gauntlet | Found a transporter.
 12717 | Gauntlet | Found a transporter.
 12721 | Gauntlet | Noticed a wizard
 12723 | Gauntlet | Noticed a wizard
 12726 | Gauntlet | Found a transporter.
 12946 | Gauntlet | Killed from afar by a soul eater

Illustrated notes

Levels and vault maps discovered:
D:1:      sevenhm_arrival_forest_fort_small_3, layout_basic, grunt_decor_cap
D:2:      layout_basic, serial_shops, nicolae_shop_window_shopping,
          chequers_ecumenical_altar_simple_redux, serial_undead,
          serial_undead_b, serial_undead_f, serial_undead_f, serial_undead_e,
          minmay_misc_feat_tiny, uniq_crazy_yiuf_cottage
D:3:      layout_loops_corners, minmay_misc_feat_iff, uniq_sigmund,
          uniq_natasha, uniq_terence
D:4:      layout_gridville, mainiacjoe_overflow_big_doors,
          minmay_temple_entry_arrows, minmay_fractal_squares_diagonal_5
D:5:      layout_basic, st_stairs_7, nicolae_shop_dragon_depot,
          grunt_ministairs_4, nicolae_wooded_promenade
D:6:      layout_rooms, kennysheep_vampire_church
D:7:      due_chaos_kobolds, layout_loops_ring
D:8:      layout_loops_cross, ebering_ghost_disaster_area
D:9:      layout_loops_corners, nicolae_uskayaw_dance_studio, lair_entry_dummy,
          biasface_ghost_orc_armoury, uniq_grum, uniq_erica, uniq_pikel
D:10:     layout_irregular_city, orc_0_dummy, uniq_fannar, uniq_maurice
D:11:     layout_loops_corners, gauntlet_entry_generic
Gauntlet: gammafunk_gauntlet_77_escape_option [minmay_gauntlet_arena_77_cramped,
          minmay_gauntlet_arena_77_run_for_it,
          minmay_gauntlet_arena_77_two_lines,
          minmay_gauntlet_arena_77_two_paths,
          minmay_gauntlet_arena_77_checkered, gauntlet_exit_green]

Skill      XL: |  1  2  3  4  5  6  7  8  9 10 11 |
---------------+----------------------------------+-----
Throwing       | 2 |  2.0
Maces & Flails | 3 4 5 6 7 8 11 12 | 12.2
Dodging        | 3 |  3.0
Fighting       | 3 4 5 6 7 9 10 11 | 11.2
Armour         | 1 2 3 4 5 6 |  6.7
Shields        | 2 4 5 |  5.0

Action                   |  1- 3 |  4- 6 |  7- 9 | 10-12 || total
-------------------------+-------+-------+-------+-------++-------
Melee: Flail             |   111 |    33 |       |       ||   144
       Mace              |       |   218 |   577 |   351 ||  1146
       Punch             |       |     3 |     3 |       ||     6
       Tailslap          |       |       |    50 |    61 ||   111
Throw: Boomerang         |       |       |     1 |     1 ||     2
       Dart              |       |       |       |     4 ||     4
Invok: Berserk           |       |       |     1 |     5 ||     6
  Use: Scroll            |     1 |     2 |    10 |     5 ||    18
       Potion            |       |       |     1 |     5 ||     6
 Stab: Sleeping          |     2 |     2 |       |       ||     4
Armor: Leather armour    |    36 |   116 |   188 |       ||   340
       Ring mail         |       |       |   164 |   259 ||   423
Dodge: Dodged            |    54 |   213 |   366 |   155 ||   788
Block: Buckler           |       |       |    59 |    94 ||   153
